 Dungeon Crawl Stone Soup version 0.23-a0-696-gf95311e5ea (webtiles) character file.

406249 Jannitor the Warrior (level 22, -5/183 HPs)
             Began as a Demonspawn Gladiator on Jan 12, 2019.
             Was an Elder of Uskayaw.
             Slain by a titan (9 damage)
             ... on level 5 of the Vaults.
             The game lasted 02:37:13 (61178 turns).

Jannitor the Warrior (Demonspawn Gladiator)        Turns: 61178, Time: 02:37:13

Health: -5/183     AC: 30    Str: 21    XL:     22   Next: 37%
Magic:  0/32       EV: 13    Int: 19    God:    Uskayaw [****..]
Gold:   947        SH: 16    Dex: 15    Spells: 16/31 levels left

rFire    + + +     SeeInvis +   a - +9 rapier (elec)
rCold    + . .     Gourm    .   B - +2 shield of Paranoia {rElec rC++}
rNeg     + . .     Faith    +   v - +0 fire dragon scales
rPois    +         Spirit   +   (helmet unavailable)
rElec    +         Reflect  .   R - +2 cloak {MR+}
rCorr    .         Harm     .   I - +2 pair of gloves {archery}
MR       ++...                  y - +2 pair of boots {Stlth+}
Stlth    +++++.....             g - amulet of faith
HPRegen  0.40/turn              U - +5 ring of protection
MPRegen  0.46/turn              w - ring of poison resistance

@: very slightly contaminated
A: antennae 3, thin metallic scales 2, clever 1, demonic guardian 1, fire
resistance 1, negative energy resistance 1, 50% torment resistance, strong 2,
magic shield, magic regeneration, magic link, black mark
}: 2/15 runes: decaying, serpentine
a: Stomp, Line Pass, Renounce Religion


You were on level 5 of the Vaults.
You worshipped Uskayaw.
Uskayaw was pleased with you.
You were hungry.

You visited 8 branches of the dungeon, and saw 40 of its levels.
You also visited: Ossuary and Gauntlet.

You collected 4806 gold pieces.
You spent 3859 gold pieces at shops.

Inventory:

Hand Weapons
 a - a +9 rapier of electrocution (weapon)
Missiles
 d - 5 throwing nets (quivered)
 u - 195 sling bullets
Armour
 v - +0 fire dragon scales (worn)
 y - a +2 pair of boots of stealth (worn)
 B - the +2 shield of Paranoia (worn) {rElec rC++}
   (You found it on level 8 of the Dungeon)

   It greatly protects you from cold.
   It insulates you from electricity.
 I - a +2 pair of gloves of archery (worn)
 R - a +2 cloak of magic resistance (worn)
Jewellery
 b - an uncursed ring of protection from magic
 g - an amulet of faith (around neck)
 w - a ring of poison resistance (right hand)
 Q - an uncursed ring of protection from fire
 U - a +5 ring of protection (left hand)
Wands
 o - a wand of digging (12)
 x - a wand of flame (98)
 C - a wand of polymorph (26)
 D - a wand of enslavement (30)
 E - a wand of scattershot (7)
 F - a wand of paralysis (18)
 L - a wand of clouds (12)
 O - a wand of iceblast (32)
 X - a wand of acid (17)
Scrolls
 c - 2 scrolls of silence
 h - 7 scrolls of magic mapping
 k - 11 scrolls of identify
 n - 8 scrolls of immolation
 t - 19 scrolls of remove curse
 A - 6 scrolls of amnesia
 P - 5 scrolls of fog
Potions
 m - 2 potions of cancellation
 p - 6 potions of agility
 z - 9 potions of flight
 H - 3 potions of lignification
 J - 7 potions of mutation
 M - a potion of invisibility
 S - 6 potions of brilliance
 V - 3 potions of resistance
 Y - 4 potions of berserk rage
Miscellaneous
 Z - a phial of floods (inert)
Comestibles
 f - 55 rations


   Skills:
 + Level 17.8 Fighting
 - Level 14.0 Short Blades
 - Level 1.7 Throwing
 + Level 10.6 Armour
 - Level 6.0 Dodging
 - Level 14.9 Stealth
 - Level 15.0 Shields
 + Level 5.2 Spellcasting
 + Level 14.8 Hexes
 - Level 5.1 Translocations
 + Level 14.5 Invocations
 + Level 11.6 Evocations


You had 16 spell levels left.
You knew the following spells:

 Your Spells              Type           Power        Failure   Level  Hunger
a - Apportation           Tloc           ###...       4%          1    None
b - Confusing Touch       Hex            ######       1%          1    None
c - Invisibility          Hex            ######..     12%         6    #######
d - Confuse               Hex            ######..     1%          3    ##.....
e - Cause Fear            Hex            ######....   1%          4    ####...

Your spell library contained the following spells:

 Spells                   Type           Power        Failure   Level  Hunger
 Corona                   Hex            ######.      1%          1    None
 Slow                     Hex            ######..     1%          2    #......
 Portal Projectile        Hex/Tloc       #####.       1%          3    ##.....
 Tukima's Dance           Hex            ######..     1%          3    ##.....
 Ensorcelled Hibernation  Hex/Ice        ####..       2%          2    #......
 Dazzling Spray           Conj/Hex       ####..       4%          3    ##.....
 Inner Flame              Hex/Fire       ####....     4%          3    ##.....
 Summon Guardian Golem    Hex/Summ       ####....     4%          3    ##.....
 Gell's Gravitas          Tloc           ###.......   12%         3    ##.....
 Lesser Beckoning         Tloc           ###.......   12%         3    ##.....
 Leda's Liquefaction      Hex/Erth       ####......   16%         4    ####...
 Flame Tongue             Conj/Fire      #....        32%         1    None
 Freeze                   Ice            #...         32%         1    None
 Sandblast                Erth           #.....       32%         1    None
 Sting                    Conj/Pois      #...         32%         1    None
 Summon Butterflies       Summ           #.......     32%         1    None
 Summon Small Mammal      Summ           #...         32%         1    None
 Recall                   Summ/Tloc      N/A          34%         3    ##.....
 Metabolic Englaciation   Hex/Ice        ####......   41%         5    ######.
 Summon Mana Viper        Hex/Summ       ####....     41%         5    ######.
 Yara's Violent Unravell  Hex/Tmut       ####......   41%         5    ######.
 Call Imp                 Summ           #.......     45%         2    #......
 Corpse Rot               Necr           N/A          45%         2    #......
 Passwall                 Tmut/Erth      #.......     45%         2    #......
 Poisonous Vapours        Pois/Air       #.....       45%         2    #......
 Sublimation of Blood     Necr           #.........   45%         2    #......
 Throw Flame              Conj/Fire      #.....       45%         2    #......
 Throw Frost              Conj/Ice       #.....       45%         2    #......
 Call Canine Familiar     Summ           #.......     69%         3    ##.....
 Conjure Flame            Conj/Fire      #.......     69%         3    ##.....
 Mephitic Cloud           Conj/Pois/Air  #.......     69%         3    ##.....
 Ozocubu's Armour         Chrm/Ice       #.......     69%         3    ##.....
 Regeneration             Chrm/Necr      #.........   69%         3    ##.....
 Spider Form              Tmut/Pois      #.........   69%         3    ##.....
 Stone Arrow              Conj/Erth      #.....       69%         3    ##.....
 Ice Form                 Ice/Tmut       #.......     97%         4    ####...
 Petrify                  Tmut/Erth      #.......     97%         4    ####...
 Sticky Flame             Conj/Fire      #.......     97%         4    ####...
 Summon Ice Beast         Ice/Summ       #.......     97%         4    ####...
 Summon Lightning Spire   Summ/Air       #.......     97%         4    ####...
 Throw Icicle             Conj/Ice       #.......     97%         4    ####...
 Summon Forest            Summ/Tloc      ##........   97%         5    ######.
 Agony                    Necr           #.......     100%        5    ######.
 Alistair's Intoxication  Tmut/Pois      #.......     100%        5    ######.
 Aura of Abjuration       Summ           #.........   100%        5    ######.
 Blade Hands              Tmut           #.........   100%        5    ######.
 Bolt of Draining         Conj/Necr      #.........   100%        5    ######.
 Bolt of Magma            Conj/Fire/Erth #.........   100%        5    ######.
 Dispel Undead            Necr           #.......     100%        5    ######.
 Excruciating Wounds      Chrm/Necr      #.........   100%        5    ######.
 Fireball                 Conj/Fire      #.........   100%        5    ######.
 Iskenderun's Battlesphe  Conj/Chrm      #.......     100%        5    ######.
 Summon Demon             Summ           #.........   100%        5    ######.
 Venom Bolt               Conj/Pois      #.........   100%        5    ######.
 Death Channel            Necr           #.........   100%        6    #######
 Hydra Form               Tmut           #.........   100%        6    #######
 Iron Shot                Conj/Erth      #.........   100%        6    #######
 Shadow Creatures         Summ           N/A          100%        6    #######
 Statue Form              Tmut/Erth      #........    100%        6    #######
 Dragon Form              Tmut           #.........   100%        7    #######
 Orb of Destruction       Conj           #.........   100%        7    #######
 Ring of Flames           Chrm/Fire      #.........   100%        7    #######
 Spellforged Servitor     Conj/Summ      #.........   100%        7    #######
 Summon Hydra             Summ           #.........   100%        7    #######
 Ignition                 Fire           #.........   100%        8    #######
 Shatter                  Erth           #.........   100%        9    #######


Dungeon Overview and Level Annotations

Branches:
Dungeon (15/15)            Temple (1/1) D:7            Lair (6/6) D:8
  Swamp (4/4) Lair:2        Snake (4/4) Lair:3        Slime (0/5) Lair:5
    Orc (2/2) D:12            Elf (0/3) Orc:2        Vaults (5/5) D:14
  Crypt (0/3) Vaults:3     Depths (3/5) D:15

Altars:
Ashenzari
Cheibriados
Dithmenos
Elyvilon
Gozag
Hepliaklqana
Kikubaaqudgha
Makhleb
Nemelex Xobeh
Okawaru
Ru
Sif Muna
Trog
Uskayaw
Vehumet
Wu Jian
Xom
Yredelemnul
Zin
The Shining One
Beogh
Jiyva

Shops:
D:10 *=}=   D:14 (   D:15 !   Orc:1 !(:[   Orc:2 (**(   Depths:1 }==

Portals:
Hell: Depths:1 Depths:2
Abyss: Depths:2
Pandemonium: Depths:3
Ziggurat: Depths:3
Trove: D:10 (give 8 potions of agility)

Annotations:
D:12 exclusions: lindwurm and 1 more exclusion
Vaults:1 3 runed doors, Zaor's ghost, adept GnSk
Vaults:2 1 runed door, Dehatel's ghost, adept DDFi


Innate Abilities, Weirdness & Mutations

You have a pair of large antennae on your head. (SInv)
You are mostly covered in thin metallic scales. (AC +3)
A weak demonic guardian rushes to your aid.
You resist negative energy. (rN+)
You are somewhat able to resist unholy torments (1 in 2 success).
When hurt, damage is shared between your health and your magic reserves.
You regenerate magic rapidly.
When low on magic, you restore magic in place of health.
Your melee attacks may debilitate your foes.
Your mind is acute. (Int +2)
Your flesh is heat resistant. (rF+)
Your muscles are very strong. (Str +4)


Message History

You kill the vault warden!
You kill the ironheart preserver!
The titan is no longer paralysed.
The titan casts a spell.
The titan is healed somewhat.
Uskayaw will force your foes to share their pain.
Uskayaw links your audience in an emotional bond!
Evoke which item? (* to show all) (? for menu, Esc to quit)
Okay, then.
Unknown command.
Unknown command.
Magic courses through your body.
Your mature shocksting beast disappears in a puff of smoke!
Evoke which item? (* to show all) (? for menu, Esc to quit)
Aiming: Corrosive Bolt
Press: ? - help, Shift-Dir - straight line The bolt of acid hits the titan.
The titan is splashed with acid.
The acid corrodes the titan!
The titan is almost dead.
The ogre is no longer paralysed.
The titan hits you!!!
You die...

#.#.#§#..#
#...#..#..#
#.#.#.#.#))#
#...#...##.)#
##:#.# # #..#
##). #.§# .#
{#).# #CO#
#@.# #..#
#..# #..#
#..# #..#
#..# #..#


You could see a titan and an ogre.

Vanquished Creatures
  Mennas (Vaults:3)
  Mara (Vaults:3)
  Margery (Depths:2)
  Saint Roka (Snake:2)
  Jory (Vaults:3)
  A bone dragon (D:15)
  A lich (Depths:2)
  A tentacled monstrosity (Vaults:5)
  A quicksilver dragon (Vaults:5)
  5 sphinxes
  5 thorn hunters
  A tengu reaver (Depths:2)
  Kirke (Swamp:1)
  Agnes (Snake:2)
  8 nagarajas
  A storm dragon (Vaults:5)
  6 fire giants
  2 frost giants (Vaults:4)
  An orc warlord (Orc:1)
  A deep elf sorcerer (Vaults:5)
  6 vault wardens
  An iron dragon (Depths:1)
  Louise (D:14)
  8 ironheart preservers
  10 stone giants
  14 very ugly things
  A deep elf demonologist (Vaults:5)
  Azrael (D:14)
  A minotaur (Gauntlet)
  3 spark wasps (Depths:2)
  A deep elf death mage (Vaults:2)
  11 ettins
  A crystal guardian (Vaults:4)
  Josephine (D:10)
  7 fire dragons
  The ghost of Natzaj the Fanfare of Bloodshed, a journeyman DDFi of Makhleb (Orc:1)
  3 jiangshi (Depths:1)
  6 great orbs of eyes
  28 vault guards
  10 yaktaur captains
  A deep elf high priest (Vaults:5)
  15 naga warriors
  4 rakshasas
  25 hydras
  7 ice dragons
  A shambling mangrove (Swamp:4)
  A caustic shrike simulacrum (Depths:1)
  6 ghost crabs
  14 anacondas
  2 deep troll shamans (Depths:2)
  3 death knights
  7 centaur warriors
  2 tengu warriors
  2 deep troll earth magi (Depths:1)
  15 ogre magi
  31 two-headed ogres
  13 alligators
  16 naga sharpshooters
  6 shock serpents
  2 spriggan berserkers (Swamp:4)
  2 vampire magi
  4 orc high priests
  4 hell knights (Depths:2)
  2 deep elf knights
  A shadow wraith (Vaults:3)
  A fire crab (shapeshifter) (Vaults:1)
  A fire crab (Depths:1)
  A titan skeleton (Depths:2)
  10 salamander mystics
  A death drake (Depths:1)
  2 unseen horrors
  3 glowing orange brains
  A wizard (Depths:1)
  10 swamp dragons
  A flayed ghost (Vaults:4)
  A deep troll (shapeshifter) (Vaults:4)
  11 deep trolls
  2 sea snakes
  4 deep elf archers
  An obsidian statue (D:11)
  A phantasmal warrior (Vaults:5)
  12 naga ritualists
  An orange crystal statue (Vaults:3)
  16 orc knights
  4 lindwurms (Snake:4)
  18 ironbrand convokers
  2 tengu skeletons (Depths:2)
  A shadow dragon skeleton (Depths:1)
  6 necromancers
  16 mana vipers
  10 orc sorcerers
  8 deep elf magi
  A manticore (D:13)
  4 wolf spiders
  21 salamanders
  An iron dragon skeleton (Depths:2)
  51 ugly things
  A moth of wrath (Gauntlet)
  8 cyclopes
  A stone giant zombie (Vaults:4)
  6 elephants
  10 guardian serpents
  2 worldbinders (Depths:1)
  A black mamba (shapeshifter) (Vaults:1)
  24 naga magi
  2 frost giant skeletons
  A stone giant skeleton (Vaults:2)
  A guardian serpent (shapeshifter) (Vaults:4)
  3 centaur zombies (D:14)
  58 black mambas
  10 vault sentinels
  2 small abominations (Depths:1)
  2 human skeletons
  A torpor snail (shapeshifter) (Vaults:2)
  2 molten gargoyles (Depths:1)
  3 gargoyles
  A storm dragon simulacrum (Vaults:4)
  18 spiny frogs
  The ghost of hemabe the Charlatan, a novice HuAr (D:4)
  4 centaur skeletons
  A minotaur zombie (Gauntlet)
  2 rime drakes
  6 komodo dragons
  35 yaktaurs
  An efreet (D:14)
  A yaktaur (shapeshifter) (Vaults:2)
  3 tengu conjurers
  2 golden dragon simulacra (Depths:1)
  8 freezing wraiths
  11 trolls
  A troll (shapeshifter) (Vaults:4)
  A tengu simulacrum (Vaults:2)
  A meliai (shapeshifter) (D:15)
  8 tyrant leeches
  12 hornets
  4 polar bears
  Grinder (D:4)
  A sphinx simulacrum (Depths:2)
  28 slime creatures
  4 dream sheep (Lair:6)
  9 blink frogs
  7 hippogriffs
  10 bog bodies
  A fire giant simulacrum (Depths:2)
  2 human simulacra (Vaults:1)
  A redback (shapeshifter) (D:15)
  7 shadows
  16 spriggans
  A water elemental (Depths:2)
  A spriggan skeleton (Depths:2)
  Sigmund (D:2)
  5 wyverns
  6 redbacks
  4 fire elementals
  5 hogs
  18 yaks
  4 wraiths (D:10)
  4 basilisks
  2 hungry ghosts
  8 swamp worms
  7 wargs
  22 vampire mosquitoes
  A harpy simulacrum (D:15)
  6 insubstantial wisps
  A swamp worm (shapeshifter) (Vaults:1)
  55 nagas
  Duvessa (D:5)
  4 soldier ants
  13 water moccasins
  2 hell hounds (D:14)
  10 porcupines
  17 swamp drakes
  2 hornet zombies (D:14)
  2 slaves (D:4)
  A sky beast (D:13)
  7 black bears
  41 orc warriors
  5 ice beasts
  6 phantoms
  31 ogres
  5 boggarts
  2 elf skeletons
  27 wolves
  2 ettin simulacra
  19 centaurs
  9 crocodiles
  4 elf zombies
  Blork the orc (D:5)
  A glowing shapeshifter simulacrum (Vaults:2)
  27 bullfrogs
  Dowan (D:5)
  2 earth elementals (Depths:1)
  2 wyvern skeletons
  A troll zombie (D:12)
  2 scorpions (D:9)
  13 killer bees
  A vampire bat (Depths:1)
  9 wights
  5 howler monkeys
  2 electric eels (Snake:1)
  7 crimson imps
  4 lava snakes
  3 bullfrog zombies
  10 hounds
  7 jellies
  2 quasits
  2 human zombies (Ossuary)
  17 orc priests
  6 bullfrog skeletons
  22 orc wizards
  8 iguanas
  12 worker ants
  6 hell rats (Lair:5)
  7 ogre zombies (D:12)
  A big kobold zombie (Ossuary)
  A hound zombie (D:5)
  2 hound skeletons
  3 mummies (Ossuary)
  A worker ant zombie (D:7)
  A howler monkey skeleton (D:4)
  12 adders
  5 shadow imps
  5 oozes (D:8)
  6 adder zombies (Ossuary)
  2 adder skeletons (D:4)
  3 worms
  A dart slug (D:1)
  6 leopard geckos
  92 orcs
  2 bats
  7 giant cockroaches
  10 goblins
  10 hobgoblins
  6 jackals
  3 quokkas
  A ball python (D:4)
  4 frilled lizards
  3 gnoll zombies (Ossuary)
  A goblin skeleton (D:12)
  6 goblin zombies
  6 hobgoblin zombies
  3 jackal zombies (Ossuary)
  8 kobolds
  3 kobold zombies (Ossuary)
  2 leopard gecko skeletons
  3 orc skeletons (D:12)
  15 orc zombies
  4 quokka zombies (Ossuary)
  5 rats
  3 rat zombies (Ossuary)
  4 briar patches
  A butterfly (Lair:5)
1703 creatures vanquished.

Vanquished Creatures (collateral kills)
  A golden dragon (Vaults:5)
  Jorgrun (Swamp:1)
  Asterion (Snake:2)
  A sphinx (Vaults:5)
  A very ugly thing (Depths:2)
  2 ironheart preservers
  A vault guard (Vaults:5)
  2 naga warriors
  An anaconda (Snake:4)
  3 two-headed ogres
  A naga sharpshooter (Snake:4)
  A deep elf knight (Vaults:2)
  A storm dragon skeleton (Depths:1)
  A naga ritualist (Snake:2)
  Pikel (D:4)
  An orc knight (D:15)
  An ironbrand convoker (Vaults:5)
  3 ugly things
  A naga mage (Snake:4)
  A black mamba (Lair:5)
  A komodo dragon (D:10)
  3 blink frogs
  An ettin skeleton (Vaults:4)
  A tarantella (Depths:1)
  An insubstantial wisp (Swamp:4)
  A naga (Snake:4)
  A water moccasin (Lair:2)
  2 orc warriors
  2 slaves (D:4)
  2 ogres
  A centaur (D:5)
  2 bullfrogs
  A scorpion (D:4)
  2 howler monkeys (D:7)
  A bullfrog zombie (D:8)
  A quasit (D:5)
  2 orc priests (Orc:1)
  A worker ant (D:4)
  A howler monkey zombie (D:6)
  An adder (D:8)
  2 shadow imps (D:7)
  A leopard gecko (D:5)
  5 orcs
  A hobgoblin skeleton (D:12)
  A hobgoblin zombie (Ossuary)
64 creatures vanquished.

Vanquished Creatures (others)
  2 ettins (Vaults:5)
  A shadow wraith (Vaults:3)
  A lindwurm (Depths:1)
  A deep elf mage (Depths:1)
  2 black mambas
  A blink frog (Swamp:4)
  A tarantella (Depths:1)
  An orc priest (Orc:2)
  3 briar patches (Swamp:3)
  5 fungi
  5 plants
23 creatures vanquished.

Grand Total: 1790 creatures vanquished

Notes
Turn   | Place    | Note
-------+----------+-------------------------------------------
     0 | D:1      | Jannitor the Demonspawn Gladiator began the quest for the
                  | Orb.
     0 | D:1      | Reached XP level 1. HP: 16/16 MP: 1/1
   111 | D:1      | Gained mutation: A weak demonic guardian rushes to your
                  | aid. [demonic ancestry]
   111 | D:1      | Reached XP level 2. HP: 22/22 MP: 2/2
   473 | D:1      | Reached skill level 1 in Stealth
   719 | D:1      | Reached XP level 3. HP: 28/28 MP: 3/3
  1707 | D:2      | Gained mutation: You have a pair of small antennae on your
                  | head. [demonic ancestry]
  1707 | D:2      | Reached XP level 4. HP: 25/34 MP: 4/4
  1784 | D:2      | Found a bloodstained altar of Trog.
  1839 | D:2      | Noticed Sigmund
  2182 | D:3      | Reached skill level 3 in Fighting
  2953 | D:4      | Noticed an ogre
  2970 | D:4      | Killed an ogre
  2970 | D:4      | Gained mutation: You are partially covered in thin metallic
                  | scales. (AC +2) [demonic ancestry]
  2970 | D:4      | Reached XP level 5. HP: 41/41 MP: 5/5
  3287 | D:4      | Reached XP level 6. HP: 47/47 MP: 6/6
  3405 | D:4      | Noticed Pikel
  3405 | D:4      | Noticed a slave
  3406 | D:4      | Noticed a slave
  3407 | D:4      | Noticed a slave
  3414 | D:4      | Noticed a slave
  3783 | D:4      | Reached skill level 4 in Fighting
  4119 | D:4      | Killed a slave
  4127 | D:4      | Killed a slave
  4302 | D:4      | Reached XP level 7. HP: 54/54 MP: 7/7
  4468 | D:4      | Killed Pikel
  4566 | D:4      | Noticed hemabe's ghost (novice HuAr)
  4569 | D:4      | Found a runed door.
  4934 | D:4      | Noticed Grinder
  4963 | D:4      | Paralysed by Grinder for 3 turns
  4971 | D:4      | Killed Grinder
  4971 | D:4      | Reached skill level 5 in Fighting
  4971 | D:4      | Reached skill level 5 in Short Blades
  4971 | D:4      | Reached skill level 5 in Dodging
  4971 | D:4      | Reached XP level 8. HP: 62/62 MP: 2/8
  5151 | D:5      | Entered Level 5 of the Dungeon
  6008 | D:5      | Found a sparkling altar of Nemelex Xobeh.
  6016 | D:5      | Reached skill level 5 in Stealth
  6072 | D:5      | Noticed Blork the orc
  6404 | D:5      | Noticed Duvessa
  6435 | D:5      | Killed Duvessa
  6437 | D:5      | Noticed Dowan
  6461 | D:5      | Killed Dowan
  6732 | D:5      | Reached skill level 6 in Fighting
  7203 | D:5      | Killed Blork the orc
  7203 | D:5      | Reached skill level 1 in Armour
  7364 | D:5      | Gained mutation: You are mostly covered in thin metallic
                  | scales. (AC +3) [demonic ancestry]
  7364 | D:5      | Reached XP level 9. HP: 49/69 MP: 9/9
  7584 | D:6      | Found a sand-covered staircase.
  7610 | Ossuary  | Entered an ossuary
  8452 | D:6      | Found a sparkling altar of Nemelex Xobeh.
  8789 | D:7      | Reached skill level 1 in Evocations
  8806 | D:7      | Reached skill level 7 in Fighting
  9266 | D:7      | Found a staircase to the Ecumenical Temple.
  9272 | D:7      | Noticed a gargoyle
  9332 | D:8      | Gained mutation: When hurt, damage is shared between your
                  | health and your magic reserves. [demonic ancestry]
  9332 | D:8      | Reached XP level 10. HP: 47/79 MP: 11/11
  9548 | D:8      | Noticed a two-headed ogre
  9563 | D:8      | Killed a two-headed ogre
  9564 | D:8      | Found a staircase to the Lair.
  9895 | D:8      | Got an encrusted shield
  9896 | D:8      | Identified the +2 shield of Paranoia {rElec rC++} (You
                  | found it on level 8 of the Dungeon)
 10142 | D:8      | Reached skill level 1 in Shields
 10429 | Temple   | Entered the Ecumenical Temple
 10471 | Temple   | Became a worshipper of Uskayaw the Reveler
 10491 | D:7      | Reached * piety under Uskayaw
 10665 | D:9      | Reached ** piety under Uskayaw
 10688 | D:9      | Reached skill level 1 in Invocations
 10778 | D:9      | Reached *** piety under Uskayaw
 10780 | D:9      | Reached **** piety under Uskayaw
 10786 | D:9      | Reached skill level 5 in Evocations
 10786 | D:9      | Reached ***** piety under Uskayaw
 10794 | D:9      | Reached ****** piety under Uskayaw
 11343 | D:10     | Entered Level 10 of the Dungeon
 11404 | D:10     | Found a portal to a secret trove of treasure.
 11406 | D:10     | Found Kerph's Jewellery Boutique.
 11409 | D:10     | Identified the cursed +0 whip of Conscience {vamp, rF++
                  | Int+4 SInv Stlth-}
 11415 | D:10     | Noticed Josephine
 11440 | D:10     | Gained mutation: You regenerate magic rapidly. [demonic
                  | ancestry]
 11440 | D:10     | Reached XP level 11. HP: 51/86 MP: 11/15
 11784 | Lair:1   | Entered Level 1 of the Lair of Beasts
 11914 | Lair:1   | Reached skill level 5 in Invocations
 11962 | Lair:1   | Noticed a four-headed hydra
 11966 | Lair:1   | Killed a four-headed hydra
 12764 | Lair:2   | Reached skill level 5 in Shields
 12764 | Lair:2   | Reached skill level 8 in Fighting
 12981 | Lair:2   | Found a staircase to the Swamp.
 13622 | Lair:2   | Noticed a six-headed hydra
 13778 | Lair:3   | Found a staircase to the Snake Pit.
 15118 | Lair:4   | Reached XP level 12. HP: 94/94 MP: 16/18
 15271 | Lair:4   | Reached skill level 9 in Fighting
 16074 | Lair:5   | Found a viscous altar of Jiyva.
 16075 | Lair:5   | Found a staircase to the Slime Pits.
 17003 | Lair:6   | Entered Level 6 of the Lair of Beasts
 17003 | Lair:6   | Noticed an eight-headed hydra
 17027 | Lair:6   | Found a gate leading to a gauntlet.
 17036 | Gauntlet | Entered a Gauntlet
 17036 | Gauntlet | Found a transporter.
 17036 | Gauntlet | Found a transporter.
 17078 | Gauntlet | Found a transporter.
 17078 | Gauntlet | Found a transporter.
 17089 | Gauntlet | Found a transporter.
 17108 | Gauntlet | Found a transporter.
 17118 | Gauntlet | Found a transporter.
 17118 | Gauntlet | Found a transporter.
 17124 | Gauntlet | Found a transporter.
 17143 | Gauntlet | Found a transporter.
 17150 | Gauntlet | Found a transporter.
 17168 | Gauntlet | Found a transporter.
 17215 | Gauntlet | Found a transporter.
 17226 | Gauntlet | Noticed a queen ant
 17227 | Gauntlet | Found a transporter.
 17328 | Gauntlet | Found a transporter.
 17342 | Gauntlet | Found a transporter.
 17788 | Gauntlet | Noticed a minotaur
 17797 | Gauntlet | Killed a minotaur
 17812 | Gauntlet | Got a faintly humming leather armour
 17813 | Gauntlet | Identified the +2 leather armour "Zokh" {+Inv Regen+ Int+3}
                  | (You found it in a Gauntlet)
 17930 | Lair:6   | Reached skill level 10 in Fighting
 18163 | D:10     | Found Kuijan's Jewellery Emporium.
 18203 | D:10     | Found Heehira's Gadget Shoppe.
 18230 | D:10     | Bought a wand of clouds (6) for 420 gold pieces
 18230 | D:10     | Bought a phial of floods for 560 gold pieces
 18997 | D:10     | Found Hitz's General Store.
 19109 | D:11     | Noticed a two-headed ogre
 19123 | D:11     | Gained mutation: You have a pair of antennae on your head.
                  | [demonic ancestry]
 19123 | D:11     | Reached XP level 13. HP: 100/103 MP: 19/19
 19708 | D:12     | Found a staircase to the Orcish Mines.
 19857 | D:12     | Paralysed by a hornet for 1 turns
 20434 | Orc:1    | Entered Level 1 of the Orcish Mines
 20434 | Orc:1    | Found Wuiz's Distillery.
 20434 | Orc:1    | Found Wukkidayt's Weapon Boutique.
 20498 | Orc:1    | Bought a potion of might for 56 gold pieces
 20498 | Orc:1    | Bought a potion of haste for 140 gold pieces
 20616 | Orc:1    | Noticed a stone giant
 20629 | Orc:1    | Killed a stone giant
 20643 | Orc:1    | Found Bopser's Book Shoppe.
 20682 | Orc:1    | Found a runed door.
 20682 | Orc:1    | Noticed Natzaj's ghost (journeyman DDFi)
 20703 | Orc:1    | Bought a book of Misfortune for 280 gold pieces
 20931 | Orc:1    | Found Ceulost's Armour Emporium.
 21091 | Orc:2    | Entered Level 2 of the Orcish Mines
 21233 | Orc:2    | Reached skill level 10 in Short Blades
 21257 | Orc:2    | Noticed an orc warlord
 21530 | Orc:1    | Killed an orc warlord
 21577 | Orc:2    | Found a roughly hewn altar of Beogh.
 21586 | Orc:2    | Found a staircase to the Elven Halls.
 21632 | Orc:2    | Found Medogiz's Antique Weapon Shop.
 22377 | Orc:2    | Reached skill level 10 in Stealth
 22416 | Orc:2    | Reached skill level 11 in Fighting
 22422 | Orc:2    | Gained mutation: Scrolls take you a little longer to read.
                  | [a neqoxec]
 22445 | Orc:2    | Lost mutation: Scrolls take you a little longer to read.
                  | [potion of mutation]
 22445 | Orc:2    | Gained mutation: Your muscles are strong. (Str +2) [potion
                  | of mutation]
 22445 | Orc:2    | Gained mutation: Your mind is acute. (Int +2) [potion of
                  | mutation]
 22445 | Orc:2    | Gained mutation: Your muscles are very strong. (Str +4)
                  | [potion of mutation]
 22795 | Orc:2    | Found Ysaileak's Antique Weapon Shop.
 22801 | Orc:2    | Found Obbibumu's General Store.
 23334 | Orc:2    | Found Keupteh's General Store.
 23499 | D:13     | Learned a level 1 spell: Apportation
 23501 | D:13     | Learned a level 1 spell: Confusing Touch
 23508 | D:13     | Learned a level 6 spell: Invisibility
 23609 | D:13     | Found an ancient bone altar of Kikubaaqudgha.
 23788 | D:13     | Reached skill level 1 in Hexes
 23789 | D:13     | Reached skill level 1 in Spellcasting
 24098 | D:13     | Reached XP level 14. HP: 113/113 MP: 20/20
 24150 | D:14     | Found Qaituak's Antique Weapon Boutique.
 24455 | D:14     | Noticed Louise
 24471 | D:14     | Killed Louise
 24595 | D:14     | Noticed Azrael
 24605 | D:14     | Killed Azrael
 24661 | D:14     | Found a gate to the Vaults.
 24954 | D:15     | Entered Level 15 of the Dungeon
 25308 | D:15     | Found Heh Jaing's Distillery.
 25312 | D:15     | Bought a potion of agility for 72 gold pieces
 25752 | D:15     | Reached skill level 12 in Fighting
 26021 | D:15     | Found a staircase to the Depths.
 26059 | D:15     | Reached skill level 10 in Shields
 26268 | D:15     | Found a white marble altar of Elyvilon.
 26653 | Snake:1  | Entered Level 1 of the Snake Pit
 26911 | Snake:1  | Reached XP level 15. HP: 107/121 MP: 18/21
 27038 | Snake:1  | Reached skill level 5 in Hexes
 27038 | Snake:1  | Reached skill level 1 in Translocations
 27533 | Snake:1  | Learned a level 3 spell: Confuse
 28882 | Snake:2  | Noticed a nagaraja
 28892 | Snake:2  | Killed a nagaraja
 30381 | Snake:2  | Noticed Asterion
 30391 | Snake:2  | Killed Asterion
 30471 | Snake:2  | Noticed Saint Roka
 31078 | Snake:2  | Noticed Agnes
 31085 | Snake:2  | Killed Agnes
 31305 | Snake:2  | Killed Saint Roka
 31766 | Snake:3  | Gained mutation: You resist negative energy. (rN+) [demonic
                  | ancestry]
 31766 | Snake:3  | Reached XP level 16. HP: 119/129 MP: 19/22
 31799 | Snake:3  | Reached skill level 13 in Fighting
 33428 | Snake:3  | Reached skill level 5 in Translocations
 34411 | Snake:4  | Entered Level 4 of the Snake Pit
 36423 | Snake:4  | Reached XP level 17. HP: 138/138 MP: 23/23
 38195 | Snake:4  | Reached skill level 14 in Fighting
 40028 | Snake:4  | Got a serpentine rune of Zot
 40258 | Swamp:1  | Entered Level 1 of the Swamp
 40572 | Swamp:1  | Noticed Kirke
 40591 | Swamp:1  | Killed Kirke
 40795 | Swamp:1  | Reached skill level 10 in Hexes
 40837 | Swamp:1  | You fall through a shaft!
 41269 | Swamp:1  | Noticed Jorgrun
 41275 | Swamp:1  | Killed Jorgrun
 42356 | Swamp:3  | Identified a scroll of acquirement
 42360 | Swamp:3  | Got a pair of transparent boots
 42371 | Swamp:3  | Identified the -5 pair of boots "Usij" {+Inv Regen+ Dex+4}
                  | (You acquired it on level 3 of the Swamp)
 42394 | Swamp:3  | Gained mutation: You are somewhat able to resist unholy
                  | torments (1 in 2 success). [demonic ancestry]
 42394 | Swamp:3  | Reached XP level 18. HP: 143/147 MP: 24/24
 43142 | Swamp:4  | Entered Level 4 of the Swamp
 44456 | Swamp:4  | Reached skill level 15 in Fighting
 45058 | Swamp:4  | Got a decaying rune of Zot
 45546 | Vaults:1 | Entered Level 1 of the Vaults
 46859 | D:2      | Found a bloodstained altar of Trog.
 46948 | D:2      | Killed Sigmund
 47027 | D:4      | Killed hemabe's ghost
 47189 | D:10     | Found a portal to a secret trove of treasure.
 47191 | D:10     | Found Kerph's Jewellery Boutique.
 47342 | D:10     | Killed Josephine
 47453 | D:10     | Found Heehira's Gadget Shoppe.
 47482 | D:10     | Found Kuijan's Jewellery Emporium.
 47737 | D:10     | Found Hitz's General Store.
 48313 | Lair:6   | Reached XP level 19. HP: 148/155 MP: 25/25
 48478 | Lair:6   | Reached skill level 5 in Armour
 49348 | Orc:1    | Killed Natzaj's ghost
 49619 | Vaults:1 | Found a runed gate.
 49619 | Vaults:1 | Found a runed gate.
 49620 | Vaults:1 | Found a runed gate.
 49743 | Vaults:1 | Noticed Zaor's ghost (adept GnSk)
 50363 | Vaults:2 | Learned a level 4 spell: Cause Fear
 50363 | Vaults:2 | Found a roughly hewn altar of Beogh.
 51621 | Vaults:2 | Found a runed door.
 51621 | Vaults:2 | Noticed Dehatel's ghost (adept DDFi)
 51644 | Vaults:2 | Paralysed by a hornet for 1 turns
 52034 | Vaults:3 | Reached skill level 16 in Fighting
 52044 | Vaults:3 | Noticed Mennas
 52066 | Vaults:3 | Killed Mennas
 52066 | Vaults:3 | Reached skill level 10 in Invocations
 52083 | Vaults:3 | Noticed Jory
 52086 | Vaults:3 | Noticed Mara
 52394 | Vaults:3 | Killed Mara
 52421 | Vaults:3 | Gained mutation: You have a pair of large antennae on your
                  | head. (SInv) [demonic ancestry]
 52421 | Vaults:3 | Reached XP level 20. HP: 98/164 MP: 21/27
 52423 | Vaults:3 | Killed Jory
 52999 | Vaults:3 | Found a staircase to the Crypt.
 55129 | Vaults:5 | Entered Level 5 of the Vaults
 55504 | Depths:1 | Entered Level 1 of the Depths
 55515 | Depths:1 | Gained mutation: Your melee attacks may debilitate your
                  | foes. [demonic ancestry]
 55515 | Depths:1 | Reached XP level 21. HP: 131/173 MP: 22/30
 55635 | Depths:1 | Identified the Handbook of Summoning
 55656 | Depths:1 | Reached skill level 15 in Shields
 55811 | Depths:1 | Found Humyecol's Gadget Boutique.
 55811 | Depths:1 | Found Giyn's Jewellery Shoppe.
 55812 | Depths:1 | Found Qazej's Jewellery Shoppe.
 55819 | Depths:1 | Bought a wand of scattershot (6) for 630 gold pieces
 55819 | Depths:1 | Bought a wand of iceblast (1) for 105 gold pieces
 55819 | Depths:1 | Bought a wand of acid (7) for 462 gold pieces
 55819 | Depths:1 | Bought a box of beasts for 420 gold pieces
 55819 | Depths:1 | Bought a box of beasts for 420 gold pieces
 55819 | Depths:1 | Bought a wand of iceblast (10) for 294 gold pieces
 56165 | Depths:1 | Reached skill level 10 in Evocations
 56551 | Depths:1 | Reached skill level 17 in Fighting
 56731 | Depths:1 | Identified the Compendium of Earth
 57147 | Depths:1 | Identified the Almanac of Poison
 57371 | Depths:1 | Identified Sif Muna's Volume of Fire
 57428 | Depths:1 | Found a gateway to Hell.
 57848 | Depths:1 | Identified the Catalogue of Moulding
 58525 | Depths:1 | Identified Iseharph's Reference Book on Dark Arts
 58584 | Depths:2 | Found a one-way gate to the infinite horrors of the Abyss.
 58798 | Depths:2 | Reached skill level 10 in Armour
 59290 | Depths:2 | Noticed Margery
 59328 | Depths:2 | Killed Margery
 59377 | Depths:2 | Gained mutation: When low on magic, you restore magic in
                  | place of health. [demonic ancestry]
 59377 | Depths:2 | Reached XP level 22. HP: 149/181 MP: 32/32
 59517 | Depths:3 | Found a gateway to a ziggurat.
 59536 | Depths:3 | Found a one-way gate leading to the halls of Pandemonium.
 60012 | Depths:3 | Noticed a juggernaut
 60015 | Depths:3 | Noticed a caustic shrike
 60017 | Depths:3 | Noticed a caustic shrike
 60018 | Depths:3 | Noticed a caustic shrike
 60019 | Depths:3 | Noticed a caustic shrike
 60020 | Depths:3 | Noticed a juggernaut
 60021 | Depths:3 | Noticed a caustic shrike
 60024 | Depths:3 | Noticed a caustic shrike
 60674 | Vaults:5 | Noticed a golden dragon
 60689 | Vaults:4 | Reached skill level 5 in Spellcasting
 61026 | Vaults:5 | Noticed a golden dragon
 61026 | Vaults:5 | Noticed a golden dragon
 61141 | Vaults:5 | HP: 8/183 [titan (29)]
 61141 | Vaults:5 | HP: 1/183 [golden dragon (7)]
 61149 | Vaults:5 | Killed a golden dragon
 61168 | Vaults:5 | HP: 4/183 [titan/the air (16)]
 61171 | Vaults:5 | Gained mutation: Your flesh is heat resistant. (rF+)
                  | [mutagenic glow]
 61175 | Vaults:5 | HP: 3/183 [vault warden/+3 battleaxe of chopping (6)]
 61178 | Vaults:5 | Slain by a titan

Vault maps used:
D:1:      minmay_arrival_arboretum_small, minmay_pentomino_o4
D:2:      lemuel_crystal_altar, uniq_sigmund
D:3:      chequers_decorated_corner
D:4:      first_ration, hellmonk_ghost_happy_afterlife, uniq_pikel, uniq_grinder
D:5:      lemuel_upstairs_altar, basic_altar, uniq_blork_the_orc, uniq_duvessa
D:6:      enter_ossuary_3, nemelex_lonely_heart_becter
D:7:      minmay_temple_entry_slanted, serial_glass, glass_columns_c,
          glass_columns_b, glass_columns_a, glass_columns_a, glass_columns_a
D:8:      lair_entry_dummy, hangedman_little_slice_of_home
D:9:      chequers_serial_rivers_micro_c
D:10:     minmay_general_purpose_star, enter_trove_1, serial_shops,
          nicolae_shop_waterfront, shop_statue, nicolae_shop_behind_doors,
          nicolae_shop_crystal, uniq_josephine
D:11:     minivault_16, item_on_display_a
D:12:     zombieorc2_lemuel, minmay_lindwurm_lava
D:13:     basic_altar
D:14:     david_vaults_2, serial_shops, shop, minmay_misc_feat_room,
          uniq_louise, uniq_azrael
D:15:     hangedman_depths_entry_civil_slaughter, elyvilon_altar_1,
          serial_shops, shop
Temple:   grunt_wide_crystal_templ
Lair:2:   swamp_mist_pool, grunt_megastairs_4
Lair:3:   minmay_snake_entry_guardpost_small, chequers_serial_rivers_micro_c
Lair:4:   lemuel_fruit_tree
Lair:5:   dpeg_slime_entry_enclosed_altar, lemuel_fruit_fields
Lair:6:   minmay_lair_end_enchanted_forest, gauntlet_entry_generic
Swamp:1:  infiniplex_staircase_pool, swamp_pool3, uniq_jorgrun, uniq_kirke
Swamp:2:  hangedman_swamp_pad, swamp_pool4
Swamp:3:  serial_swamp_ruin, evilmike_swamp_ruin_rubble_1,
          evilmike_swamp_ruin_rubble_2, hangedman_swamp_ruin_wall
Swamp:4:  swamp_basic_johnstein, swamp_pool5
Snake:1:  serial_bayou_shore_a, grunt_megastairs_2
Snake:2:  uniq_asterion, uniq_saint_roka, uniq_agnes
Snake:3:  special_room
Snake:4:  snake_pit_salamanders_mu
Orc:1:    serial_shops, nicolae_shop_statue_plus, shop,
          nicolae_shop_behind_doors, shop, ebering_ghost_reflecting_pool
Orc:2:    st_orc_elflike, nicolae_orc_lost_temple
Vaults:1: gammafunk_vaults_ghost_necromancy, v_misc_1, v_misc_22,
          ontoclasm_vaults_misaligned, nicolae_vaults_little_squares_3,
          v_pattern_1, nicolae_vaults_windows_and_doors_thing,
          ontoclasm_vaults_decontamination
Vaults:2: ebering_vaults_ghost_reflecting_pool, v_misc_11,
          nicolae_vaults_shelves_hall, hangedman_vaults_nails,
          nicolae_vaults_network_s, vaults_standard_mumra_enter_the_diamond,
          v_misc_18, nicolae_vaults_specimen_jars,
          nicolae_vaults_disjoint_gnomons, special_room_vaults,
          vaults_dpeg_diagonal, ontoclasm_vaults_hangar
Vaults:3: ontoclasm_vaults_eye, blue_anna_dwarven_crypt, v_misc_13,
          nicolae_vaults_stairing_the_circle, hangedman_vaults_impose,
          nicolae_vaults_three_branches, ontoclasm_vaults_bender,
          nicolae_vaults_angled_halls, ontoclasm_vaults_ring_square,
          nicolae_vaults_yaktaur_gun_rack, nicolae_vaults_statue_guard,
          v_alt_pattern_1, nicolae_vaults_rhombus_6, uniq_mara, uniq_mennas,
          uniq_jory
Vaults:4: vaults_mumra_hexcomb, nicolae_vaults_little_squares_4, v_misc_31,
          hangedman_vaults_stagger, ontoclasm_vaults_shout, v_misc_19,
          nicolae_vaults_theta, v_pattern_4, nicolae_vaults_border_crossing,
          ontoclasm_vaults_loading_screen, v_misc_12,
          nicolae_vaults_little_squares_2, vaults_room_semicircle,
          vaults_room_grid
Vaults:5: uniq_boris, uniq_frederick
Depths:1: serial_hangedman_research, hangedman_research_thanatology,
          hangedman_research_toxicology, hangedman_research_pyrotechnics,
          hangedman_research_geology, hangedman_research_metamorphosis,
          hangedman_research_convocations, columned_hall_lemuel, pf_coc_iceberg,
          minmay_shop_grove
Depths:2: minmay_angry_zag, abyss_entry, grunt_metal_band
Depths:3: grunt_runaround, hell_entry, pan_entry
Ossuary:  minmay_ossuary_two_tombs
Gauntlet: gammafunk_gauntlet_branching

Skill      XL: |  1  2  3  4  5  6  7  8  9 10 11 12 13 14 15 16 17 18 19 20 21 22 |
---------------+-------------------------------------------------------------------+-----
Dodging        | 3 4 5 6 |  6.0
Stealth        | 1 2 3 4 5 7 9 10 11 12 13 14 | 14.9
Short Blades   | 3 4 5 6 7 8 9 10 11 12 13 14 | 14.0
Fighting       | 3 4 5 6 7 8 10 11 12 13 14 15 16 17 | 17.8
Armour         | 1 3 4 7 8 10 | 10.6
Evocations     | 2 5 7 8 9 11 | 11.6
Shields        | 3 5 7 9 10 11 12 13 14 15 | 15.0
Invocations    | 4 8 10 12 14 | 14.5
Hexes          | 1 4 6 8 10 11 12 13 14 | 14.8
Spellcasting   | 1 4 5 |  5.2
Translocations | 4 5 |  5.1
Throwing       | |  1.7

Action                   |  1- 3 |  4- 6 |  7- 9 | 10-12 | 13-15 | 16-18 | 19-21 | 22-24 || total
-------------------------+-------+-------+-------+-------+-------+-------+-------+-------++-------
Melee: Rapier            |    68 |    53 |   561 |   780 |  1185 |  1607 |  1599 |   156 ||  6009
       Dagger            |       |       |    50 |       |       |       |       |       ||    50
 Fire: Hunting sling     |    86 |   178 |    90 |       |       |       |       |       ||   354
Throw: Throwing net      |       |       |     7 |       |       |       |       |       ||     7
 Cast: Confusing Touch   |       |       |       |       |       |    10 |       |     1 ||    11
       Confuse           |       |       |       |       |       |     1 |       |       ||     1
       Cause Fear        |       |       |       |       |       |       |       |     2 ||     2
       Invisibility      |       |       |       |       |       |       |       |     2 ||     2
Invok: Stomp             |       |       |       |       |     1 |     1 |       |       ||     2
       Grand Finale      |       |       |       |       |       |     1 |     2 |       ||     3
Evoke: Wand              |       |       |     8 |     5 |     7 |     8 |     3 |     8 ||    39
       Phial of floods   |       |       |       |       |     3 |     4 |       |     1 ||     8
       Box of beasts     |       |       |       |       |     1 |       |       |     3 ||     4
       Phantom mirror    |       |       |       |       |       |       |       |     2 ||     2
  Use: Potion            |       |     3 |     6 |     1 |     6 |     3 |     5 |    14 ||    38
       Scroll            |       |     2 |    15 |    32 |    13 |    10 |     9 |     8 ||    89
 Stab: Distracted        |       |       |     5 |     9 |     4 |    16 |    11 |       ||    45
       Sleeping          |       |       |    10 |    27 |    29 |    22 |    41 |     3 ||   132
       Held in net/web   |       |       |     1 |       |       |       |       |       ||     1
       Paralysed         |       |       |     1 |    43 |    95 |   141 |   136 |    16 ||   432
       Invisible         |       |       |       |       |     4 |       |       |       ||     4
       Confused          |       |       |       |       |       |     7 |       |     1 ||     8
  Eat: Chunk             |     2 |     8 |    15 |    26 |    33 |    25 |    20 |     3 ||   132
       Ration            |       |       |     1 |     2 |     2 |     9 |     5 |     1 ||    20
Armor: Leather armour    |    26 |    32 |       |       |       |       |       |       ||    58
       Skin              |       |     4 |    52 |       |       |       |       |       ||    56
       Ring mail         |       |       |   168 |   261 |   304 |   452 |       |       ||  1185
       Robe              |       |       |    13 |       |       |       |       |       ||    13
       Fire dragon scale |       |       |       |       |       |    31 |   381 |    68 ||   480
Dodge: Dodged            |    62 |    88 |   423 |   303 |   311 |   446 |   338 |    59 ||  2030
Block: Shield            |       |       |       |   345 |   581 |   797 |   710 |    92 ||  2525

Table legend:
 A = Non-vault XP
 B = Vault XP
 C = Vault XP percentage of total XP
 D = Non-vault monster count
 E = Vault monster count
 F = Vault count percentage of total count
                 A         B        C        D         E       F
            +---------+---------+-------+---------+---------+-------
      Total |  426201 |  331923 |  43.8 |    1171 |     593 |  33.6
            +---------+---------+-------+---------+---------+-------
        D:1 |      64 |       5 |   7.2 |      33 |       2 |   5.7
        D:2 |      36 |     212 |  85.5 |       9 |       1 |  10.0
        D:3 |      85 |       0 |   0.0 |      17 |       0 |   0.0
        D:4 |     679 |    1068 |  61.1 |      32 |       3 |   8.6
        D:5 |    1038 |     245 |  19.1 |      22 |       3 |  12.0
        D:6 |     583 |       0 |   0.0 |      23 |       0 |   0.0
        D:7 |    2210 |       0 |   0.0 |      34 |       0 |   0.0
        D:8 |    2462 |     158 |   6.0 |      29 |       8 |  21.6
        D:9 |    2570 |       0 |   0.0 |      27 |       0 |   0.0
       D:10 |    1524 |    2089 |  57.8 |      25 |       7 |  21.9
       D:11 |    3009 |    1381 |  31.5 |      23 |       3 |  11.5
       D:12 |     985 |     401 |  28.9 |      16 |      34 |  68.0
       D:13 |    5760 |       0 |   0.0 |      39 |       0 |   0.0
       D:14 |    9008 |    6061 |  40.2 |      34 |       9 |  20.9
       D:15 |   16020 |    7888 |  33.0 |      52 |       7 |  11.9
     Lair:1 |    3594 |       0 |   0.0 |      12 |       0 |   0.0
     Lair:2 |    4101 |     144 |   3.4 |      21 |       1 |   4.5
     Lair:3 |    2562 |     575 |  18.3 |      11 |       4 |  26.7
     Lair:4 |    4887 |       0 |   0.0 |      23 |       0 |   0.0
     Lair:5 |    5011 |       0 |   0.0 |      31 |       0 |   0.0
     Lair:6 |    3627 |    8488 |  70.1 |      11 |      46 |  80.7
    Swamp:1 |   12277 |    4503 |  26.8 |      36 |       6 |  14.3
    Swamp:2 |   12755 |       0 |   0.0 |      26 |       0 |   0.0
    Swamp:3 |   18220 |       0 |   0.0 |      34 |       0 |   0.0
    Swamp:4 |   17584 |   20863 |  54.3 |      34 |      36 |  51.4
    Snake:1 |   19637 |    2486 |  11.2 |      37 |       8 |  17.8
    Snake:2 |   20349 |    8509 |  29.5 |      37 |      16 |  30.2
    Snake:3 |   30793 |       0 |   0.0 |      60 |       0 |   0.0
    Snake:4 |   30278 |   47405 |  61.0 |      62 |      71 |  53.4
      Orc:1 |    5676 |    1688 |  22.9 |      19 |       2 |   9.5
      Orc:2 |    2860 |    7601 |  72.7 |      22 |      24 |  52.2
   Vaults:1 |   17293 |    9027 |  34.3 |      36 |      18 |  33.3
   Vaults:2 |   28339 |   27405 |  49.2 |      53 |      55 |  50.9
   Vaults:3 |   14621 |   26493 |  64.4 |      16 |      15 |  48.4
   Vaults:4 |   42844 |   32911 |  43.4 |      66 |      34 |  34.0
   Vaults:5 |    3521 |   45011 |  92.7 |       9 |      37 |  80.4
   Depths:1 |   47386 |   27254 |  36.5 |      59 |      61 |  50.8
   Depths:2 |   31953 |   14789 |  31.6 |      41 |      11 |  21.2
   Depths:3 |       0 |   23685 | 100.0 |       0 |      24 | 100.0
    Ossuary |       0 |     394 | 100.0 |       0 |      38 | 100.0
   Gauntlet |       0 |    3184 | 100.0 |       0 |       9 | 100.0
            +---------+---------+-------+---------+---------+-------
